 Dungeon Crawl Stone Soup version 0.29-a0-334-gb41bcbb86e (webtiles) character file.

Game seed: 6200642648254575257

15 spaghetti the Sneak (level 2, 21/27 HPs)
             Began as a Deep Dwarf Delver on Apr 13, 2022.
             Was an Initiate of Makhleb.
             Quit the game on level 3 of the Dungeon.
             The game lasted 00:01:36 (349 turns).

spaghetti the Sneak (Deep Dwarf Delver)              Turns: 349, Time: 00:01:36

Health: 21/27      AC:  4    Str: 15    XL:     2   Next: 34%
Magic:  1/1        EV: 12    Int: 10    God:    Makhleb [......]
Gold:   0          SH:  0    Dex: 14    Spells: 1/1 levels left

rFire   . . .      SeeInvis .   a - +0 short sword {short}
rCold   . . .      Faith    .   (no shield)
rNeg    . . .      Spirit   .   b - +0 leather armour
rPois   .          Reflect  .   (no helmet)
rElec   .          Harm     .   (no cloak)
rCorr   .          Rampage  .   e - +0 pair of gloves
Will    .....                   (no boots)
Stlth   +++.......              (no amulet)
HPRegen 0.00/turn               (no ring)
MPRegen 0.07/turn               (no ring)

@: no status effects
A: damage resistance, heal wounds, sense surroundings 1, no regeneration
a: Heal Wounds, Renounce Religion


You were on level 3 of the Dungeon.
You worshipped Makhleb.
Makhleb was noncommittal.
You visited 2 branches of the dungeon, and saw 4 of its levels.


Innate Abilities, Weirdness & Mutations

You are resistant to damage.
You can heal yourself by infusing magical energy.
You passively map a small area around you.
You do not regenerate.


   Skills:
 - Level 2.6 Fighting
 - Level 1.7 Short Blades
 - Level 2.1 Dodging
 + Level 6.8 Stealth


You had one spell level left.
You didn't know any spells.
Your spell library was empty.

Inventory:

Hand Weapons
 a - a +0 short sword (weapon) {short}
Missiles
 d - 15 stones {throwing}
Armour
 b - a +0 leather armour (worn)
 e - a +0 pair of gloves (worn)
   (You found it on level 4 of the Dungeon)
Wands
 g - a wand of digging (3)
Scrolls
 c - a scroll of fog
 h - a scroll of identify {unknown}

Dungeon Overview and Level Annotations

Branches:
Dungeon (5/15)             Temple (1/1) D:5

Altars:
Cheibriados
Elyvilon
Gozag
Makhleb
Qazlal
Uskayaw
Wu Jian
Xom
Zin

** ,*#....$... ≈
* *,, #........
,, , ,
##......≈≈ ,≈
,......≈.. * ,,
*#.S...≈.. , , ,
* ###......≈≈
#Sg.......⌠≈ , ,
#S##...≈w.. ,,
#@# ..≈..≈≈ ,*
#..# ..≈.... *,
..... ...≈≈.. *
............≈≈.
,
#...?.....###≈≈≈
#######...# * ≈
* *##.. * ##., ,
, *


You could see an adder, a hobgoblin and 2 ball pythons.


Message History

😮 HP[-2]
You take 2 damage, and now have 15/20 hp.
You hit the adder. The adder bites you. 😮 HP[-1]
You take 1 damage, and now have 14/20 hp.
You hit the adder. The adder barely misses you.
You hit the adder.
You kill the adder!
Makhleb accepts your kill.
You have reached level 2! 😮 HP[+4] MP[+1]
You now have 27 max hp (+7).
You regained 4 hp, and now have 18/27 hp.
Your mp is fully restored (2).
You are no longer poisoned.
There is a stone staircase leading up here.
You climb upwards.
There is a stone staircase leading down here.
Unknown command.
Unknown command.
A jackal is nearby!
A jackal and an adder come into view.
A dart slug, a hobgoblin and a ball python come into view.
You hit the jackal.
The jackal barks!
The jackal bites you but does no damage.
You hear a shout!
The jackal attacks as you move away! The jackal barely misses you.
The jackal attacks as you move away! The jackal barely misses you.
The jackal bites you. The jackal closely misses you.
The jackal attacks as you move away!
The jackal bites you but does no damage.
The jackal attacks as you move away! The jackal barely misses you.
The jackal attacks as you move away!
The jackal bites you but does no damage. x2
There is a stone staircase leading down here.
You miss the jackal. You hit the jackal. The jackal bites you. 😮 HP[-1]
You take 1 damage, and now have 17/27 hp.
You aren't carrying any potions.
You closely miss the jackal. The jackal misses you. x2
You hit the jackal.
The jackal bites you but does no damage.
You hit the jackal.
You kill the jackal!
Makhleb accepts your kill. The jackal misses you.
You closely miss the jackal. The jackal bites you.
You hit the jackal. The jackal barely misses you.
You barely miss the jackal. The jackal completely misses you.
The jackal closely misses you.
You closely miss the jackal. The jackal closely misses you.
You closely miss the jackal. The jackal bites you. The jackal misses you.
You hit the jackal.
You kill the jackal!
Makhleb accepts your kill. The adder closely misses you.
You aren't carrying any potions.
Okay, then.
You fail to use your ability.
The adder barely misses you.
You barely miss the adder. The adder bites you but does no damage.
Your magical essence is drained by the effort!
You feel much better.
The adder closely misses you. 😎 HP[+10] MP[-1]
Your hp is fully restored (27).
Unknown command.
Unknown command.
You miss the adder. The adder bites you.
You are poisoned.
The adder poisons you! The adder misses you. 😕 HP[-3]
You take 3 damage, and now have 24/27 hp.
You hit the adder but do no damage. The adder closely misses you.
You closely miss the adder. The adder bites you.
You are more poisoned.
The adder poisons you! The adder bites you. 😕 HP[-3]
You take 3 damage, and now have 21/27 hp.
You barely miss the adder. The adder misses you.
You hit the adder. The adder closely misses you.
You hit the adder. The adder bites you.
You are more poisoned.
The adder poisons you!
A ball python comes into view.
The adder closely misses you.
You closely miss the adder. The adder barely misses you.
You barely miss the adder. The adder completely misses you.
You barely miss the adder. The adder misses you.
You barely miss the adder. The adder completely misses you.
The adder barely misses you.
You closely miss the adder. The adder bites you.
Unknown command.
You hit the adder. The adder bites you. The adder bites you but does no damage.
You hit the adder.
You are no longer poisoned.
The adder misses you.
Unknown command.
Are you sure you want to abandon this character and quit the game? (Confirm with "yes".)

Action                   || total
-------------------------++-------
Melee: Short sword       ||    40
       Punch             ||     2
 Abil: Heal Wounds       ||     2
  Use: Scroll            ||     2
       Potion            ||     1
 Stab: Sleeping          ||     1
Armor: Leather armour    ||     9
Dodge: Dodged            ||    32

Levels and vault maps discovered:
D:3:      cheibrodos_helix_gallery, layout_rooms, mainiacjoe_overflow_alcove_1,
          gammafunk_ghost_stat_death, kennysheep_generic_room_8, uniq_sigmund
D:4:      layout_loops_cross, palyth_temple_overflow_mages, uniq_grinder
D:5:      layout_gridville, fedhas_altar_fruit_tree,
          mainiacjoe_overflow_alcove_2, minmay_temple_entry_grid,
          pf_guarded_unrand_delatra
Temple:   nicolae_temple_figure_zero

Notes
Turn   | Place    | Note
-------+----------+-------------------------------------------
     0 | D:5      | spaghetti the Deep Dwarf Delver began the quest for the
                  | Orb.
     0 | D:5      | Reached XP level 1. HP: 20/20 MP: 1/1
     0 | D:5      | magus.rc [v1.9.6]
    27 | D:5      | Found a staircase to the Ecumenical Temple.
    43 | Temple   | Entered the Ecumenical Temple
   192 | Temple   | Became a worshipper of Makhleb the Destroyer
   213 | D:5      | Noticed an orc priest
   214 | D:5      | Noticed an orc wizard
   215 | D:5      | Noticed an orc wizard
   219 | D:5      | HP: 2/20 [orc/+0 flail (8)]
   243 | D:4      | HP: 1/20 [quokka (1)]
   309 | D:4      | Reached XP level 2. HP: 18/27 MP: 2/2
   349 | D:3      | Quit the game

Vanquished Creatures
  An adder (D:4)
  2 jackals (D:3)
  2 quokkas
5 creatures vanquished.

Table legend:
 A = Non-vault XP
 B = Vault XP
 C = Vault XP percentage of total XP
 D = Non-vault monster count
 E = Vault monster count
 F = Vault count percentage of total count
                 A         B        C        D         E       F
            +---------+---------+-------+---------+---------+-------
      Total |      22 |       0 |   0.0 |       5 |       0 |   0.0
            +---------+---------+-------+---------+---------+-------
        D:3 |       4 |       0 |   0.0 |       2 |       0 |   0.0
        D:4 |      16 |       0 |   0.0 |       2 |       0 |   0.0
        D:5 |       2 |       0 |   0.0 |       1 |       0 |   0.0
            +---------+---------+-------+---------+---------+-------

Illustrated notes

Table legend:
 A = Kills in this place as a percentage of kills in entire the game.
 B = Kills by you in this place as a percentage of kills by you in the entire game.
 C = Kills by friends in this place as a percentage of kills by friends in the entire game.
 D = Other kills in this place as a percentage of other kills in the entire game.
 E = Experience gained in this place as a percentage of experience gained in the entire game.
 F = Experience gained in this place divided by the number of levels of this place that you have seen.
                   A       B       C       D       E      F
               +-------+-------+-------+-------+-------+----------------------
         Total | 100.0 | 100.0 |   N/A |   N/A | 100.0 |   5.5
       Dungeon | 100.0 | 100.0 |   N/A |   N/A | 100.0 |   7.3
               +-------+-------+-------+-------+-------+----------------------

Table legend: (Time is in decaauts)
 A = Elapsed time spent in this place.
 B = Non-inter-level travel time spent in this place.
 C = Inter-level travel time spent in this place.
 D = Time resting spent in this place.
 E = Time spent auto-exploring this place.
 F = Levels seen in this place.
 G = Mean time per level.
                   A        B        C        D        E       F      G
               +--------+--------+--------+--------+--------+-----+--------+
         Total |    330 |    272 |     58 |      0 |    148 |   4 |   82.5 |
       Dungeon |    168 |    141 |     27 |      0 |     20 |   3 |   56.0 |
        Temple |    161 |    130 |     31 |      0 |    128 |   1 |  161.0 |
               +--------+--------+--------+--------+--------+-----+--------+

Top non-repeatable levels by time:
  Temple: 161 daAuts
     D:5: 74 daAuts
     D:4: 58 daAuts
     D:3: 35 daAuts
